AoeStats
← ^_^

Arena

510465252Analyzed
4v4 RM · 11h ago on Oct 1, 2026· 36m 9s· 8 players
Game mode
Random Map
Map size
Large (8 player)
Population
200
Speed
Normal
Resources
Standard
Victory
Conquest
Starting age
Dark Age
Ending age
Imperial Age
RankedLock teamsTeams togetherTeam positionsShared explorationLock speedFull tech treeHidden civsTurbo modeCheats
Victory
Defeat
🇨🇳 Huns · China
1224
+13
🇵🇪 Varangians · Peru
1206
+13
🇨🇳 Saracens · China
1199
+14
🇨🇳 Tupi · China
1161
+15
🇨🇳 Britons · China
1180
-15
🇭🇰 Slavs · Hong Kong SAR China
1156
-14
🇲🇽 Saxons · Mexico
1125
-13
🇩🇪 Shu · Germany
1119
-13
haspirits
11:59 Feudal Age
13:16 Wheelbarrow
13:20 Horse Collar
13:27 Double-Bit Axe
17:10 Castle Age
17:44 Loom
18:32 Bow Saw
18:24 Heavy Plow
21:46 Gold Mining
24:10 Town Watch
24:54 Stone Mining
27:19 Gold Shaft Mining
27:57 Hand Cart
30:58 Imperial Age
28:38 Fletching
28:58 Forging
28:20 Pikeman
29:31 Bodkin Arrow
30:01 Ballistics
29:44 Squires
29:29 Gambesons
30:00 Scale Mail Armor
29:27 Crossbowman
30:18 Thumb Ring
30:37 Padded Archer Armor
31:29 Chain Mail Armor
30:57 Elite Skirmisher
32:04 Conscription
31:51 Bracer
31:19 Arbalester
32:04 Bolt Magazine
32:37 Arbalester
Dio
11:09 Feudal Age
15:42 Castle Age
15:30 Horse Collar
16:56 Double-Bit Axe
21:54 Bow Saw
22:08 Gold Mining
23:42 Gold Shaft Mining
23:57 Squires
24:02 Fletching
25:14 Wheelbarrow
24:32 Pikeman
25:54 Heavy Plow
26:35 Bodkin Arrow
27:36 Yeomen
31:43 Imperial Age
30:47 Murder Holes
31:13 Ballistics
30:34 Treadmill Crane
31:24 Hand Cart
30:55 Loom
33:07 Conscription
34:36 Two-Man Saw
34:15 Bracer
34:17 Padded Archer Armor
Jling.YYC
10:07 Feudal Age
11:22 Horse Collar
11:31 Double-Bit Axe
16:58 Castle Age
15:25 Stone Mining
16:21 Scale Mail Armor
16:32 Gold Mining
21:05 Town Watch
21:08 Loom
29:04 Imperial Age
27:02 Forging
27:32 Heavy Plow
29:09 Scale Barding Armor
32:17 Pikeman
32:57 Squires
Parcial
10:39 Feudal Age
14:34 Castle Age
12:52 Double-Bit Axe
12:49 Horse Collar
17:19 Sanctity
17:18 Bow Saw
22:43 Heavy Plow
24:36 Wheelbarrow
24:25 Town Watch
24:27 Loom
24:58 Stone Mining
26:55 Hand Cart
30:03 Imperial Age
28:27 Forging
28:17 Scale Mail Armor
28:26 Squires
28:12 Gambesons
28:13 Clerical Recruitment
29:21 Arson
30:58 Iron Casting
30:39 Chain Mail Armor
30:49 Redemption
30:20 Capped Ram
33:11 Block Printing
33:33 Theocracy
34:00 Plate Mail Armor
33:29 Elite Varangian Guard
34:31 Shield Wall
^_^
10:23 Feudal Age
11:59 Double-Bit Axe
14:22 Castle Age
12:29 Horse Collar
28:40 Imperial Age
26:41 Bow Saw
26:25 Loom
27:18 Wheelbarrow
26:35 Town Watch
26:53 Gold Mining
27:14 Scale Barding Armor
27:19 Heavy Plow
27:55 Forging
27:41 Stone Mining
28:49 Marauders
29:12 Chain Barding Armor
29:27 Iron Casting
29:52 Conscription
29:57 Elite Tarkan
31:17 Plate Barding Armor
31:03 Bloodlines
30:54 Husbandry
31:15 Hand Cart
31:06 Town Patrol
32:32 Blast Furnace
33:33 Two-Man Saw
casuai
10:31 Feudal Age
11:03 Town Watch
14:33 Castle Age
13:19 Double-Bit Axe
13:48 Horse Collar
16:04 Bow Saw
15:49 Loom
28:41 Imperial Age
26:17 Fletching
26:28 Padded Archer Armor
27:37 Bodkin Arrow
28:51 Leather Archer Armor
29:01 Heavy Plow
29:02 Gold Mining
29:36 Bracer
30:51 Chemistry
30:58 Ring Archer Armor
31:02 Conscription
31:17 Ballistics
31:40 Elite Blackwood Archer
33:08 Forging
34:08 Curare
RedScott
2:46 Loom
10:59 Feudal Age
15:33 Castle Age
14:06 Stone Mining
16:04 Double-Bit Axe
16:03 Horse Collar
16:55 Bow Saw
17:42 Heavy Plow
18:53 Gold Mining
22:51 Wheelbarrow
24:17 Fortified Wall
26:19 Masonry
27:23 Hand Cart
27:38 Murder Holes
28:42 Forging
32:53 Imperial Age
31:26 Iron Casting
32:26 Scale Barding Armor
34:00 Husbandry
34:11 Bloodlines
35:44 Blast Furnace
36:02 Chain Barding Armor
36:05 Conscription
35:10 Capped Ram
Christ
10:01 Feudal Age
14:07 Castle Age
13:19 Double-Bit Axe
13:16 Horse Collar
16:22 Loom
22:32 Gold Mining
23:21 Wheelbarrow
23:32 Bow Saw
27:54 Imperial Age
25:35 Squires
25:21 Arson
25:24 Gambesons
25:47 Scale Mail Armor
26:34 Forging
26:56 Chain Mail Armor
26:37 Stone Mining
28:03 Iron Casting
28:10 Elite Varangian Guard
29:28 Plate Mail Armor
30:36 Blast Furnace
31:30 Conscription
33:06 Gothikon
Connection lost

Rejoining the realm…

Still unreachable

The connection could not be restored.

Session expired

The server has moved on; the page needs a fresh start.